 Dungeon Crawl Stone Soup version 0.31-a0-865-g3d5d91748a (webtiles) character file.

Game seed: 12396957283403590933

274 tabstorm the Chopper (level 6, -1/55 HPs)
             Began as an Armataur Monk on Oct 11, 2023.
             Slain by a hound (4 damage)
             ... on level 4 of the Dungeon.
             The game lasted 00:05:33 (1211 turns).

tabstorm the Chopper (Armataur Monk)                Turns: 1211, Time: 00:05:33

Health: -1/55      AC:  6    Str: 18    XL:     6   Next: 3%
Magic:  6/6        EV:  8    Int: 10    God:
Gold:   119        SH:  0    Dex: 13    Spells: 5/5 levels left

rFire   . . .        p - +0 war axe
rCold   . . .        d - orb {light}
rNeg    . . .        h - +0 scale mail
rPois   .            (no helmet)
rElec   .            (no cloak)
rCorr   .            (no gloves)
SInv    .            (no barding)
Will    .....        (no amulet) Stlth
                     (no ring)
HPRegen 0.29/turn    (no ring)
MPRegen 0.10/turn

%: roll
@: glowing
A: large, rugged brown scales 3, deformed body, armoured tail, roll, long
tongue, awkward tongue
a: no special abilities


You were on level 4 of the Dungeon.
You visited 1 branch of the dungeon, and saw 4 of its levels.

You collected 119 gold pieces.

Inventory:

Hand Weapons
 a - a +0 hand axe
 p - a +0 war axe (weapon)
Missiles
 f - a throwing net
Armour
 b - a +0 robe
 d - an orb of light (worn)
 h - a +0 scale mail (worn)
Jewellery
 o - a +4 ring of protection
Talismans
 e - a beast talisman
Scrolls
 m - a scroll of poison {unknown}
 q - a scroll of fog {unknown}
 s - a scroll of identify {unknown}
Potions
 c - a potion of ambrosia
 g - a potion of heal wounds {unknown}
 i - a potion of brilliance {unknown}
 j - 2 potions of curing {unknown}
 k - a potion of enlightenment {unknown}
 l - a potion of lignification {unknown}
 n - a potion of attraction {unknown}
 r - a potion of degeneration {unknown}


   Skills:
 - Level 4.0 Fighting
 * Level 4.7 Axes
 - Level 2.3 Dodging


You had 5 spell levels left.
You didn't know any spells.
Your spell library contained the following spells:

 Spells                   Type           Power      Damage    Failure   Level
 Cigotuvi's Dreadful Rot  Necr/Pois/Air  0%         N/A       89%         2
 Ignite Poison            Fire/Tmut/Pois 0%         N/A       98%         3
 Freezing Cloud           Conj/Ice/Air   0%         6-21      100%        5


Dungeon Overview and Level Annotations

Branches:
Dungeon (5/15)
 Temple: D:4-7

Altars:

Portals:
Ossuary: D:4

Annotations:
D:4 Pikel


Innate Abilities, Weirdness & Mutations

You are completely covered in rugged brown scales. (AC +3, +7% HP)
Armour fits poorly on your strangely shaped body.
You have a long armoured tail.
You roll when moving toward enemies. (Rampage)
Your long tongue fully drains potion bottles. (2x potion effects)
Your tongue gives you trouble enunciating. (1.5x scroll delay)


Message History

A troll comes into view.
The sleepcap releases spores at you!!
You wake up.
* * * LOW HITPOINT WARNING * * *
You are engulfed in a cloud of soporific spores!
You are unaffected.
Unknown command.
Unknown command.
Unknown command.
The troll shouts!
You hit the sleepcap.
The sleepcap is severely damaged.
You hear a shout! x3
A hound comes into view.
The sleepcap releases spores at you but does no damage.
Unknown command.
Unknown command.
Unknown command.
You slash the sleepcap!
You destroy the sleepcap!
You have reached level 6!
There is a stone staircase leading up here.
The hound bites you but does no damage.
You climb upwards.
You hear the hiss of flowing sand.
There is an entrance to an ossuary on this level.
Hurry and find it before the portal is buried!
Level annotation: Pikel You hear the hiss of an avalanche of sand very nearby.
The lemure hits you.
* * * LOW HITPOINT WARNING * * *
The lemure hits you!
* * * LOW HITPOINT WARNING * * *
There is a stone staircase leading down, spattered with blood here.
Unknown command.
Unknown command.
You hit the lemure but do no damage. You tail-slap the lemure.
The lemure is lightly wounded.
You slash the hound! The hound bites you.
* * * LOW HITPOINT WARNING * * *
The hound bites you.
You die...

.# #...######........#
.# #.<.......#..#####
.## #.####.#.........
).###.##...####..####.
...#..................
#..........###...####
##.......#.# #.#.#
##.#....#.###.#5#
#...##....##.#@#
###.####.....#h# #.#
####..#5# #..
#..#5#####. ####
#..........#
#.##...K...####
#..........#
$..###.....## ##
#.....<#


You could see Pikel, 3 lemures and a hound.

Vanquished Creatures
  A phantom (D:5)
  A lemure (D:4)
  3 hounds
  A sleepcap (D:5)
  3 adders
  A shadow imp (D:4)
  A worm (D:2)
  2 dart slugs
  2 orcs
  6 bats
  3 endoplasms
  3 goblins
  5 hobgoblins
  2 jackals (D:1)
  2 quokkas
  4 ball pythons
  3 frilled lizards (D:2)
  4 kobolds
  2 rats (D:1)
49 creatures vanquished.

Notes
Turn   | Place    | Note
-------+----------+-------------------------------------------
     0 | D:1      | tabstorm the Armataur Monk began the quest for the Orb.
     0 | D:1      | Reached XP level 1. HP: 19/19 MP: 1/1
    93 | D:1      | Reached XP level 2. HP: 21/26 MP: 2/2
   800 | D:2      | Reached XP level 3. HP: 33/33 MP: 3/3
  1044 | D:2      | You fall into a shaft and drop 2 floors!
  1045 | D:4      | ok
  1055 | D:4      | Reached XP level 4. HP: 33/42 MP: 4/4
  1139 | D:4      | Noticed a lemure
  1156 | D:4      | Killed a lemure
  1165 | D:4      | Noticed a lemure
  1165 | D:4      | Noticed a lemure
  1166 | D:4      | Found a sand-covered staircase.
  1166 | D:4      | Noticed a lemure
  1172 | D:4      | Noticed Pikel
  1176 | D:5      | Entered Level 5 of the Dungeon
  1180 | D:5      | Noticed a phantom
  1188 | D:5      | Killed a phantom
  1189 | D:5      | Reached XP level 5. HP: 41/49 MP: 5/5
  1197 | D:5      | Noticed a yak
  1200 | D:5      | Noticed a troll
  1203 | D:5      | Reached XP level 6. HP: 11/55 MP: 6/6
  1211 | D:4      | Slain by a hound

Illustrated notes

########
#......#
#......#
#......#
#..@...#
#........#
....#..#####
#.#...... ..
## #..## .
.... ...#
.#.#


Turn 1045 on D:4: ok

Levels and vault maps discovered:
D:1:      eino_arrival_water_star, layout_basic
D:2:      layout_rooms
D:4:      layout_rooms, trog_hazing_becter, enter_ossuary_1,
          nicolae_houndstooth_variations, uniq_pikel
D:5:      cheibrodos_fzero, layout_loops_cross, nicolae_overflow_crystal_walls,
          minmay_temple_entry_grid, uniq_menkaure

Skill      XL: |  1  2  3  4 |
---------------+-------------+-----
Fighting       | 3 4 |  4.0
Axes           | 4 |  4.7
Dodging        | |  2.3

Action                     |  1- 3 |  4- 6 || total
---------------------------+-------+-------++-------
  Melee: Hand axe          |    57 |       ||    57
         Tailslap          |     8 |    11 ||    19
         War axe           |    28 |    32 ||    60
 Armour: Robe              |     6 |       ||     6
         Scale mail        |    44 |    40 ||    84
  Dodge: Dodged            |    43 |    15 ||    58

Table legend: (Time is in decaauts)
 A = Elapsed time spent in this place.
 B = Non-inter-level travel time spent in this place.
 C = Inter-level travel time spent in this place.
 D = Time resting spent in this place.
 E = Time spent auto-exploring this place.
 F = Levels seen in this place.
 G = Mean time per level.
                   A        B        C        D        E       F      G
               +--------+--------+--------+--------+--------+-----+--------+
         Total |   1240 |   1228 |     12 |     31 |    865 |   4 |  310.0 |
       Dungeon |   1240 |   1228 |     12 |     31 |    865 |   4 |  310.0 |
               +--------+--------+--------+--------+--------+-----+--------+

Top non-repeatable levels by time:
     D:1: 684 daAuts
     D:2: 378 daAuts
     D:4: 137 daAuts
     D:5: 40 daAuts
